 Dungeon Crawl Stone Soup version 0.26-a0-651-gb41185065b (webtiles) character file.

Game seed: 7533931256690768589

4640 kae the Grappler (level 10, 0/71 HPs)
             Began as a Green Draconian Transmuter on Oct 28, 2020.
             Was a Priest of Wu Jian.
             Succumbed to a worker ant's poison
             ... on level 9 of the Dungeon.
             The game lasted 00:08:25 (9531 turns).

kae the Grappler (Green Draconian Transmuter)       Turns: 9531, Time: 00:08:26

Health: 0/71       AC:  6    Str: 15    XL:     10   Next: 20%
Magic:  12/13      EV: 19    Int: 14    God:    Wu Jian [***...]
Gold:   422        SH:  5    Dex: 17    Spells: 9/13 levels left

rFire    . . .     SeeInvis +     - Unarmed
rCold    . . .     Faith    .   (shield currently unavailable)
rNeg     . . .     Spirit   .   (armour unavailable)
rPois    x         Reflect  +   (helmet currently unavailable)
rElec    .         Harm     .   (cloak currently unavailable)
rCorr    .         Rampage  .   (gloves currently unavailable)
MR       .....                  (boots currently unavailable)
Stlth    ++........             x - amulet of reflection (curse)
HPRegen  0.21/turn              o - +4 ring of protection
MPRegen  0.13/turn              w - ring of see invisible

@: lethally poisoned (0 -> -20), spider-form, lightly drained
A: tiny, (breathe noxious fumes), unfitting armour, AC +7
a: End Transformation, Wall Jump, Serpent's Lash, Renounce Religion


You were on level 9 of the Dungeon.
You worshipped Wu Jian.
Wu Jian was most pleased with you.
You were a venomous arachnid creature.
You visited 1 branch of the dungeon, and saw 9 of its levels.
You also visited: Sewer.

You collected 590 gold pieces.
You spent 168 gold pieces at shops.

Inventory:

Armour
 c - a +1 pair of boots (melded)
Jewellery
 a - an uncursed ring of positive energy
 h - an uncursed amulet of the acrobat
 n - an uncursed amulet of regeneration
 o - a +4 ring of protection (left front leg)
 r - an uncursed ring of flight {unknown}
 w - a ring of see invisible (right front leg)
 x - a cursed amulet of reflection (around neck)
 A - the ring of Kiuce {*Tele rF++ Str+4}
   (You found it on level 7 of the Dungeon)

   [ring of teleportation]

   It may teleport you next to monsters.
   It affects your strength (+4).
   It greatly protects you from fire.
 C - an uncursed ring of protection from fire {unknown}
 F - an uncursed ring of resist corrosion {unknown}
Wands
 g - a wand of polymorph (6)
 u - a wand of flame (29)
 E - a wand of iceblast (6)
 G - a wand of digging (4)
 J - a wand of enslavement (8)
Scrolls
 b - a scroll of fog
 e - 2 scrolls of magic mapping
 j - 3 scrolls of remove curse
 l - 5 scrolls of teleportation
 v - a scroll of blinking
 y - 3 scrolls of fear
 D - a scroll of random uselessness {unknown}
 H - a scroll of holy word {unknown}
 I - a scroll of enchant armour
 K - a scroll of amnesia
Potions
 d - a potion of heal wounds
 f - 5 potions of flight
 i - a potion of stabbing
 k - 2 potions of lignification
 m - 6 potions of might
 p - 2 potions of cancellation
 q - 2 potions of invisibility
 s - a potion of ambrosia
 t - a potion of haste {unknown}
 z - a potion of magic {unknown}
 B - a potion of curing {unknown}


   Skills:
 - Level 1.1(0.8) Fighting
 - Level 1.7(1.5) Dodging
 + Level 10.9(10.6) Unarmed Combat
 - Level 2.0(1.7) Spellcasting
 + Level 10.7(10.4) Transmutations


You had 9 spell levels left.
You knew the following spells:

 Your Spells              Type           Power        Failure   Level
a - Beastly Appendage     Tmut           ####..       3%          1
b - Spider Form           Tmut/Pois      ###.......   22%         3

Your spell library contained the following spells:

 Spells                   Type           Power        Failure   Level
 Wereblood                Tmut           ####....     3%          2
 Blade Hands              Tmut           ####......   24%         5
 Magic Dart               Conj           #...         45%         1
 Ice Form                 Ice/Tmut       ###.....     50%         4
 Searing Ray              Conj           #.....       58%         2
 Dazzling Flash           Conj/Hex       #.....       78%         3
 Fulminant Prism          Conj/Hex       #.........   98%         4
 Iskenderun's Mystic Bla  Conj/Tloc      #.......     98%         4


Dungeon Overview and Level Annotations

Branches:
Dungeon (9/15)             Temple (0/1) D:6           Sewer (visited)
   Lair: D:8-11         Orc: D:9-12

Altars:
Elyvilon
Gozag
Nemelex Xobeh
Qazlal
Sif Muna
Trog
Wu Jian
Zin

Shops:
D:5 ((!   D:7 }   D:8 [

Annotations:
D:3 2 transporters, p0werm0de's ghost, novice DsCK


Innate Abilities, Weirdness & Mutations

((You can breathe blasts of noxious fumes.))
((Your lurid green scales are hard. (AC +7)))
You cannot fit into any form of body armour.
((Your system is resistant to poisons. (rPois)))
((You are cold-blooded and may be slowed by cold attacks.))


Message History

The Council accepts your kill. The soldier ant stings you.
* * * LOW HITPOINT WARNING * * *
You bite the soldier ant!
The soldier ant is heavily wounded.
* * * LOW HITPOINT WARNING * * *
You feel sick. You block the soldier ant's attack.
You hit the soldier ant but do no damage.
The soldier ant is poisoned.
The soldier ant is heavily wounded.
* * * LOW HITPOINT WARNING * * *
You feel sick. You block the soldier ant's attack.
You barely miss the soldier ant.
The soldier ant is heavily wounded.
* * * LOW HITPOINT WARNING * * *
You feel sick. The soldier ant stings you!
* * * LOW HITPOINT WARNING * * *
You hit the soldier ant.
The soldier ant is severely wounded.
You die...

.................#
..........$........ #...
#...............# .....
##))# #..........
.....###.)####..........
#.#....##).......?......
#.<.##.##........(......
...............))a....#
..........._....s#.[. .
#..............# ..
.#####...........# .
..##..[#...[###=.....#
......##..#..#......##
..........#..#......#
.#..[[##.....##.....#
##.........#####...#
##<..#....## ....#


You could see a soldier ant (very poisoned).

Vanquished Creatures
  Pikel (D:7)
  A troll (D:9)
  A wyvern (D:8)
  4 soldier ants (D:9)
  A warg (D:9)
  A water moccasin (D:8)
  Purgy (Sewer)
  3 orc warriors
  An ice beast (D:4)
  2 sky beasts
  2 phantoms
  An ogre (D:5)
  A black bear (D:8)
  2 centaurs
  4 bullfrogs
  A scorpion (D:4)
  15 wights
  A centaur zombie (D:8)
  2 jellies
  5 orc priests
  2 bullfrog skeletons
  A centaur skeleton (D:4)
  2 iguanas (D:7)
  8 orc wizards
  9 worker ants
  4 gnolls (D:9)
  13 adders
  3 shadow imps (D:5)
  A white imp (D:9)
  An ufetubus (D:5)
  3 oozes
  An adder zombie (D:6)
  3 adder skeletons
  4 dart slugs
  5 leopard geckos
  28 orcs
  2 ball pythons (Sewer)
  8 bats
  8 giant cockroaches
  3 goblins
  7 hobgoblins
  5 jackals
  4 kobolds
  4 quokkas
  7 frilled lizards
  A jackal zombie (D:8)
  2 leopard gecko skeletons
  A quokka skeleton (D:4)
  A quokka zombie (D:9)
  3 rats
194 creatures vanquished.

Vanquished Creatures (others)
  7 plants
7 creatures vanquished.

Grand Total: 201 creatures vanquished

Notes
Turn   | Place    | Note
-------+----------+-------------------------------------------
     0 | D:1      | kae the Draconian Transmuter began the quest for the Orb.
     0 | D:1      | Reached XP level 1. HP: 16/16 MP: 3/3
    84 | D:1      | Reached XP level 2. HP: 13/23 MP: 3/5
  1000 | D:2      | Reached XP level 3. HP: 28/28 MP: 4/6
  1754 | D:3      | Reached XP level 4. HP: 26/35 MP: 5/7
  1760 | D:3      | Learned a level 3 spell: Spider Form
  2340 | D:3      | Found a transporter.
  2353 | D:3      | Noticed p0werm0de's ghost (novice DsCK)
  2407 | D:3      | Found a transporter.
  2787 | D:4      | Reached XP level 5. HP: 17/40 MP: 4/8
  3137 | D:4      | Noticed a phantom
  3523 | D:3      | Killed a phantom
  3523 | D:3      | Reached skill level 5 in Unarmed Combat
  3674 | D:4      | Reached XP level 6. HP: 40/47 MP: 7/9
  3828 | D:4      | Reached skill level 5 in Transmutations
  4091 | D:5      | Entered Level 5 of the Dungeon
  4091 | D:5      | Found an ornate altar of the Wu Jian Council.
  4091 | D:5      | Noticed an ice beast
  4174 | D:4      | Killed an ice beast
  4362 | D:5      | Your scales start taking on a lurid green colour.
  4362 | D:5      | Reached XP level 7. HP: 42/52 MP: 6/10
  4362 | D:5      | Gained mutation: Your system is resistant to poisons.
                  | (rPois) [Green Draconian growth]
  4379 | D:5      | Became a worshipper of the Wu Jian Council
  4954 | D:5      | Found a glowing silver altar of Zin.
  4993 | D:5      | Found Dig Olis's Weapon Boutique.
  5066 | D:5      | Found Jefut's Distillery.
  5070 | D:5      | Bought a potion of degeneration for 14 gold pieces
  5070 | D:5      | Bought a potion of lignification for 42 gold pieces
  5070 | D:5      | Bought a potion of ambrosia for 112 gold pieces
  5375 | D:5      | Found Zown's Antique Weapon Boutique.
  5465 | D:6      | Reached XP level 8. HP: 54/59 MP: 8/11
  5525 | D:6      | Found a glowing drain.
  5559 | Sewer    | Entered a sewer
  5588 | Sewer    | Reached * piety under Wu Jian
  5721 | Sewer    | Noticed Purgy
  5732 | Sewer    | Killed Purgy
  6368 | D:6      | Found a shimmering blue altar of Sif Muna.
  6412 | D:6      | Found a staircase to the Ecumenical Temple.
  6794 | D:7      | Reached ** piety under Wu Jian
  6811 | D:7      | Found an opulent altar of Gozag.
  6812 | D:7      | Found a sparkling altar of Nemelex Xobeh.
  6890 | D:7      | Found Plog's Gadget Boutique.
  7005 | D:7      | Got a pitted iron ring
  7086 | D:7      | Noticed Pikel
  7104 | D:7      | Killed Pikel
  7104 | D:7      | Reached XP level 9. HP: 47/64 MP: 9/12
  7402 | D:7      | Identified the ring of Kiuce {*Tele rF++ Str+4} (You found
                  | it on level 7 of the Dungeon)
  7658 | D:8      | Found a stormy altar of Qazlal.
  7732 | D:8      | Found Hoz Saq's Antique Armour Shoppe.
  7772 | D:8      | Reached skill level 10 in Unarmed Combat
  8128 | D:8      | Found a bloodstained altar of Trog.
  8308 | D:8      | Reached skill level 10 in Transmutations
  8515 | D:9      | Noticed a two-headed ogre
  8706 | D:9      | Found a white marble altar of Elyvilon.
  8715 | D:9      | Noticed a troll
  8728 | D:9      | Killed a troll
  8842 | D:9      | Reached *** piety under Wu Jian
  8842 | D:9      | Reached XP level 10. HP: 22/71 MP: 9/13
  9508 | D:9      | Identified the ring of Divine Intervention {*Slow Slay+5
                  | SInv}
  9530 | D:9      | HP: 1/71 [soldier ant (11)]
  9531 | D:9      | Succumbed to a worker ant's poison

Illustrated notes

Levels and vault maps discovered:
D:1:      saegor_arrival_simple_b, layout_basic, minmay_misc_feat_alley,
          minmay_misc_feat_secret_circle, serial_park_tiny_1,
          kennysheep_pointless_box
D:2:      layout_loops_ring, nicolae_underground_beach
D:3:      layout_rooms, gammafunk_ghost_gnarly_gnolls, minmay_checkerbox
D:4:      layout_loops_ring
D:5:      layout_loops_cross, nicolae_overflow_hidden_temple,
          lemuel_crystal_altar, serial_shops, shop, shop, shop
D:6:      layout_cave_pools, minmay_temple_entry_glassed_door, basic_altar,
          gup_sewer_entry_glass, st_stairs_10, chequers_serial_rivers_room_a
D:7:      layout_cave_pods, grunt_temple_overflow_opulence, serial_shops,
          nicolae_shop_stone, serial_column_ruins, column_ruins_hut,
          column_ruins_grid_1, column_ruins_columns_corner,
          column_ruins_corridor_straight, column_ruins_grid_3,
          amethyst_killhole, uniq_pikel
D:8:      layout_basic, lemuel_round_altar, nicolae_qazlal_general_emergency,
          serial_shops, nicolae_shop_behind_doors
D:9:      layout_cave_pools, erik_lair_orcish_takeover, basic_altar,
          minivault_29

Skill      XL: |  1  2  3  4  5  6  7  8  9 |
---------------+----------------------------+-----
Transmutations | 3 4 5 6 8 10 | 10.7
Unarmed Combat | 4 5 6 7 9 10 | 10.9
Fighting       | |  1.1
Dodging        | |  1.7
Spellcasting   | |  2.0

Action                   |  1- 3 |  4- 6 |  7- 9 | 10-12 || total
-------------------------+-------+-------+-------+-------++-------
Melee: Unarmed           |    74 |   147 |   435 |    59 ||   715
       Kick              |    11 |    17 |    39 |     2 ||    69
       Tailslap          |     7 |    10 |    35 |     3 ||    55
       Headbutt          |     6 |     6 |    22 |     1 ||    35
       Punch             |     1 |     1 |     9 |     2 ||    13
 Cast: Beastly Appendage |    17 |    17 |    40 |     2 ||    76
       Spider Form       |       |     6 |    16 |     5 ||    27
Invok: Lunge             |       |       |    20 |     1 ||    21
       Whirlwind         |       |       |     9 |     4 ||    13
 Abil: Breathe Noxious F |       |       |    18 |       ||    18
  Use: Scroll            |     1 |    13 |     5 |       ||    19
       Potion            |       |     2 |     1 |       ||     3
 Stab: Confused          |       |       |     9 |       ||     9
Armor: Skin              |    39 |    50 |   134 |     6 ||   229
Dodge: Dodged            |    93 |   133 |   312 |    37 ||   575
Block: Other             |       |       |    17 |    11 ||    28
       Reflection        |       |       |     1 |       ||     1

Table legend: (Time is in decaauts)
 A = Elapsed time spent in this place.
 B = Non-inter-level travel time spent in this place.
 C = Inter-level travel time spent in this place.
 D = Time resting spent in this place.
 E = Time spent auto-exploring this place.
 F = Levels seen in this place.
 G = Mean time per level.
                   A        B        C        D        E       F      G
               +--------+--------+--------+--------+--------+-----+--------+
         Total |   9485 |   9267 |    218 |   1579 |   6140 |  10 |  948.5 |
       Dungeon |   9051 |   8833 |    218 |   1568 |   5837 |   9 | 1005.7 |
         Sewer |    434 |    434 |      0 |     11 |    303 |   1 |  434.0 |
               +--------+--------+--------+--------+--------+-----+--------+

Top non-repeatable levels by time:
     D:4: 1731 daAuts
     D:8: 1597 daAuts
     D:3: 1054 daAuts
     D:1: 980 daAuts
     D:5: 911 daAuts
     D:7: 841 daAuts
     D:2: 758 daAuts
     D:6: 718 daAuts
     D:9: 457 daAuts
   Sewer: 434 daAuts
